 Dungeon Crawl Stone Soup version 0.21.1-1-g345015f (webtiles) character file.

7488 timruff the Cleaver (level 10, -7/88 HPs)
             Began as a Minotaur Berserker on July 30, 2018.
             Was a High Priest of Trog.
             Killed from afar by a wizard (22 damage)
             ... with a bolt of cold
             ... on level 11 of the Dungeon.
             The game lasted 00:29:24 (9841 turns).

timruff the Cleaver (Minotaur Berserker)            Turns: 9841, Time: 00:29:24

Health: -7/88      AC: 15    Str: 25    XL:     10   Next: 94%
Magic:  13/13      EV: 12    Int:  6    God:    Trog [*****.]
Gold:   496        SH:  0    Dex: 12    Spells: 9/9 levels left

rFire    . . .     SeeInvis .   z - +4 war axe (freeze)
rCold    . . .     Gourm    +   (no shield)
rNeg     . . .     Faith    .   s - +0 chain mail
rPois    .         Spirit   .   (helmet restricted)
rElec    .         Reflect  .   (no cloak)
rCorr    .         Harm     .   (no gloves)
MR       +....                  A - +2 pair of boots
Stlth    ..........             l - amulet of the gourmand
HPRegen  0.24/turn              i - +1 ring of evasion
MPRegen  0.13/turn              p - ring of stealth

@: no status effects
A: retaliatory headbutt, hooves 1, horns 2, agile 1, clever 1, magic resistance
1
a: Berserk, Trog's Hand, Brothers in Arms, Burn Spellbooks, Renounce Religion


You were on level 11 of the Dungeon.
You worshipped Trog.
Trog was extremely pleased with you.
You were very full.

You visited 1 branch of the dungeon, and saw 11 of its levels.

You collected 496 gold pieces.

Inventory:

Hand Weapons
 a - a +2 hand axe
 t - a +0 war axe
 z - a +4 war axe of freezing (weapon)
Armour
 b - a +0 animal skin
 s - a +0 chain mail (worn)
 A - a +2 pair of boots (worn)
Jewellery
 f - an uncursed ring of protection from magic
 i - a +1 ring of evasion (left hand)
 l - an amulet of the gourmand (around neck)
 p - a ring of stealth (right hand)
 D - an uncursed ring of ice
 F - an uncursed ring of wizardry
 J - an uncursed ring of protection from magic
Wands
 x - a wand of polymorph (6)
 C - a wand of enslavement (26)
 E - a wand of flame (52)
Scrolls
 e - 3 scrolls of teleportation
 h - a scroll of remove curse
 n - 3 scrolls of identify
 w - a scroll of fear
 y - 2 scrolls of magic mapping
 G - a scroll of summoning {unknown}
 H - a scroll of holy word {unknown}
 I - a scroll of noise {unknown}
Potions
 d - 2 potions of curing
 j - a potion of mutation
 k - a potion of invisibility {unknown}
 m - a potion of lignification {unknown}
 o - a potion of flight {unknown}
 q - a potion of ambrosia {unknown}
 r - 2 potions of resistance {unknown}
 u - a potion of berserk rage {unknown}
 v - 2 potions of brilliance {unknown}
 B - 2 potions of heal wounds {unknown}
Comestibles
 c - 13 rations


   Skills:
 + Level 8.0 Fighting
 + Level 12.5 Axes
 + Level 10.4 Armour
 + Level 5.6 Dodging
 + Level 2.3 Stealth
 + Level 5.5 Evocations


You had 9 spell levels left.
You didn't know any spells.

Dungeon Overview and Level Annotations

Branches:
Dungeon (11/15)            Temple (0/1) D:5            Lair (0/6) D:9
    Orc (0/2) D:10

Altars:
Ashenzari
Cheibriados
Dithmenos
Fedhas
Gozag
Kikubaaqudgha
Makhleb
Nemelex Xobeh
Qazlal
Vehumet
Wu Jian
Xom
Yredelemnul
Zin


Innate Abilities, Weirdness & Mutations

You reflexively headbutt those who attack you in melee.
You have a pair of horns on your head.
You have large cloven feet.
You are agile. (Dex +2)
Your mind is acute. (Int +2)
You are resistant to hostile enchantments. (MR+)


Message History

The wizard shouts!
You see here a short sword.
You see here a short sword.
The wizard gestures at you while chanting.
The bolt of cold hits you!
You hear a shout!
Things that are here:
a falchion; an orc corpse; a hound corpse The wizard gestures at you while chanting.
The crystal spear hits you!
* * * LOW HITPOINT WARNING * * *
You hear a shout!
You see here a short sword.
Unknown command.
Okay, then.
It was a potion of cancellation.
You feel magically purged.
An orc comes into view. It is wielding a club.
The wizard gestures at you while chanting.
The bolt of cold hits you!
You die...

##... ## #.#)# #..
...##.# #.#(# #.. o.
......# #.#)####..
....###.....#.#.#.......
.oo...........#.#.......
....###p#######.#.......
..............#.#......#
#######)#####.#.........
#@#....†..#####.#.
#>#.###.#......... #.#
#.........#. #.#
###########. #.# #.# ..#
..# ..#


You could see a wizard.

Vanquished Creatures
  The ghost of Rwicked the Carver, a novice MiBe of Trog (D:8)
  An unseen horror (D:11)
  A centaur zombie (D:11)
  A kobold demonologist (D:11)
  2 trolls
  A hornet (D:10)
  A wraith (D:10)
  4 yaks (D:10)
  A vampire (D:10)
  Grum (D:8)
  A hungry ghost (D:9)
  2 porcupines (D:9)
  2 ice beasts
  3 sky beasts
  5 orc warriors
  2 wolves (D:8)
  2 phantoms
  4 ogres
  A necrophage (D:9)
  4 centaurs
  3 big kobolds (D:11)
  2 bullfrogs
  7 scorpions
  A wyvern skeleton (D:9)
  A howler monkey (D:6)
  2 jellies
  6 crimson imps
  A bullfrog zombie (D:7)
  5 hounds
  3 orc priests
  An iguana (D:8)
  4 orc wizards
  8 worker ants
  A hound zombie (D:9)
  4 gnolls (D:4)
  4 adders
  2 shadow imps
  A worm (D:5)
  5 leopard geckos
  37 orcs
  3 giant cockroaches
  5 goblins
  4 hobgoblins
  18 jackals
  6 quokkas
  4 ball pythons
  5 bats
  4 frilled lizards
  A jackal zombie (D:8)
  6 kobolds
  A quokka skeleton (D:4)
  3 rats
  2 fungi (D:9)
200 creatures vanquished.

Notes
Turn   | Place    | Note
-------+----------+-------------------------------------------
     0 | D:1      | timruff the Minotaur Berserker began the quest for the Orb.
     0 | D:1      | Reached XP level 1. HP: 19/19 MP: 0/0
    97 | D:1      | Reached XP level 2. HP: 13/27 MP: 1/1
   703 | D:1      | Reached skill level 4 in Axes
  1191 | D:2      | Reached XP level 3. HP: 33/33 MP: 2/2
  1271 | D:2      | Reached ** piety under Trog
  1705 | D:3      | Found a snail-covered altar of Cheibriados.
  1706 | D:3      | Found an ornate altar of the Wu Jian Council.
  1708 | D:3      | Found a shattered altar of Ashenzari.
  1712 | D:3      | Found a glowing silver altar of Zin.
  1712 | D:3      | Found a sparkling altar of Nemelex Xobeh.
  1712 | D:3      | Found an opulent altar of Gozag.
  1713 | D:3      | Found a stormy altar of Qazlal.
  2029 | D:3      | Reached XP level 4. HP: 40/40 MP: 3/3
  2038 | D:3      | Found an ancient bone altar of Kikubaaqudgha.
  2048 | D:3      | Reached skill level 5 in Axes
  2372 | D:4      | Noticed an ogre
  2376 | D:4      | Killed an ogre
  2376 | D:4      | Reached XP level 5. HP: 47/47 MP: 4/4
  2758 | D:4      | Noticed a centaur
  2765 | D:4      | Killed a centaur
  2765 | D:4      | Reached skill level 6 in Axes
  2765 | D:4      | Reached skill level 1 in Stealth
  2765 | D:4      | Reached XP level 6. HP: 49/53 MP: 5/5
  3742 | D:5      | Entered Level 5 of the Dungeon
  3763 | D:5      | Reached *** piety under Trog
  3763 | D:5      | Reached skill level 5 in Fighting
  3897 | D:5      | Reached XP level 7. HP: 54/61 MP: 6/6
  3921 | D:5      | Reached skill level 5 in Armour
  4203 | D:5      | Found a burning altar of Makhleb.
  4203 | D:5      | Found a radiant altar of Vehumet.
  4214 | D:5      | Reached skill level 7 in Axes
  4294 | D:5      | Found a staircase to the Ecumenical Temple.
  4789 | D:5      | Reached XP level 8. HP: 59/69 MP: 7/7
  4993 | D:6      | Reached skill level 8 in Axes
  5179 | D:6      | Received a gift from Trog
  5453 | D:6      | Gained mutation: You are occasionally teleported next to monsters. [potion of mutation]
  5453 | D:6      | Gained mutation: You are agile. (Dex +2) [potion of mutation]
  5453 | D:6      | Gained mutation: Your magical capacity is low. (-10% MP) [potion of mutation]
  5453 | D:6      | Gained mutation: Your spells are a little harder to cast, but a little more powerful. [potion of mutation]
  5809 | D:7      | Reached skill level 1 in Evocations
  6066 | D:7      | Reached skill level 5 in Dodging
  6402 | D:7      | Found a basalt altar of Yredelemnul.
  6405 | D:7      | Reached skill level 9 in Axes
  6601 | D:8      | Noticed Grum
  6610 | D:8      | Reached XP level 9. HP: 58/77 MP: 8/8
  6614 | D:8      | Killed Grum
  7038 | D:8      | Noticed Rwicked's ghost (novice MiBe)
  7056 | D:8      | Killed Rwicked's ghost
  7056 | D:8      | Reached skill level 10 in Axes
  7121 | D:8      | Lost mutation: Your spells are a little harder to cast, but a little more powerful. [potion of mutation]
  7121 | D:8      | Lost mutation: Your magical capacity is low. (-10% MP) [potion of mutation]
  7121 | D:8      | Lost mutation: You are agile. (Dex +2) [potion of mutation]
  7121 | D:8      | Lost mutation: You are occasionally teleported next to monsters. [potion of mutation]
  7121 | D:8      | Gained mutation: You expend magic power (3 MP) to strengthen your wands. [potion of mutation]
  7121 | D:8      | Gained mutation: You have sharp toenails. [potion of mutation]
  7122 | D:8      | Lost mutation: You have sharp toenails. [potion of mutation]
  7122 | D:8      | Lost mutation: You expend magic power (3 MP) to strengthen your wands. [potion of mutation]
  7122 | D:8      | Gained mutation: You are resistant to hostile enchantments. (MR+) [potion of mutation]
  7122 | D:8      | Gained mutation: You are agile. (Dex +2) [potion of mutation]
  7122 | D:8      | Gained mutation: Your mind is acute. (Int +2) [potion of mutation]
  7122 | D:8      | Gained mutation: You have large cloven feet. [potion of mutation]
  7486 | D:9      | Reached **** piety under Trog
  7524 | D:9      | Found a shimmering altar of Xom.
  7556 | D:9      | Found a staircase to the Lair.
  7594 | D:9      | Found a blossoming altar of Fedhas.
  7928 | D:9      | Reached skill level 11 in Axes
  7928 | D:9      | Reached XP level 10. HP: 86/86 MP: 12/12
  7978 | D:9      | Found a shadowy altar of Dithmenos.
  8207 | D:10     | Entered Level 10 of the Dungeon
  8482 | D:10     | Found a staircase to the Orcish Mines.
  8570 | D:10     | Reached skill level 5 in Evocations
  9387 | D:11     | Noticed a rust devil
  9387 | D:11     | Reached skill level 12 in Axes
  9418 | D:11     | Reached ***** piety under Trog
  9551 | D:11     | Killed an unseen horror
  9551 | D:11     | Reached skill level 10 in Armour
  9835 | D:11     | Noticed a wizard
  9841 | D:11     | Killed from afar by a wizard

Skill      XL: |  1  2  3  4  5  6  7  8  9 10 |
---------------+-------------------------------+-----
Fighting       | 4 5 6 7 8 |  8.0
Axes           | 4 5 6 7 9 11 12 | 12.5
Armour         | 3 4 5 7 8 10 | 10.4
Dodging        | 3 4 5 |  5.6
Stealth        | 1 2 |  2.3
Evocations     | 1 4 5 |  5.5

Action                   |  1- 3 |  4- 6 |  7- 9 | 10-12 || total
-------------------------+-------+-------+-------+-------++-------
Melee: Hand axe          |    73 |    91 |   140 |       ||   304
       Headbutt          |    13 |    13 |    60 |    25 ||   111
       War axe           |       |       |    95 |   124 ||   219
Invok: Burn Spellbooks   |     1 |       |       |     1 ||     2
       Berserk           |       |     1 |     3 |     3 ||     7
       Trog's Hand       |       |       |     2 |       ||     2
Evoke: Wand              |       |       |    45 |    21 ||    66
  Use: Scroll            |     9 |       |    11 |     2 ||    22
       Potion            |       |       |     4 |     1 ||     5
 Stab: Sleeping          |       |     2 |       |       ||     2
       Paralysed         |       |       |     1 |       ||     1
  Eat: Chunk             |    12 |    10 |    15 |    13 ||    50
Armor: Animal skin       |     5 |       |       |       ||     5
       Ring mail         |    19 |    29 |     3 |       ||    51
       Chain mail        |       |       |    76 |    65 ||   141
Dodge: Dodged            |    43 |    58 |   119 |    62 ||   282
